 Dungeon Crawl Stone Soup version 0.28-a0-46-g7b1be97da7 (webtiles) character file.

Game seed: 15997520174355275376

774 gruber the Covered (level 7, -2/61 HPs)
             Began as a Minotaur Fighter on July 30, 2021.
             Succumbed to a water moccasin's poison
             ... on level 5 of the Dungeon.
             The game lasted 00:04:13 (5635 turns).

gruber the Covered (Minotaur Fighter)               Turns: 5635, Time: 00:04:14

Health: -2/61      AC:  7    Str: 22    XL:     7   Next: 53%
Magic:  6/6        EV:  8    Int:  5    God:
Gold:   240        SH: 10    Dex: 10    Spells: 6/6 levels left

rFire   . . .      SeeInvis +   a - +0 long sword
rCold   . . .      Faith    .   c - +0 kite shield
rNeg    . . .      Spirit   .   b - +0 scale mail
rPois   .          Reflect  .   (helmet restricted)
rElec   .          Harm     .   (no cloak)
rCorr   .          Rampage  .   (no gloves)
Will    .....                   (no boots)
Stlth   ..........              (no amulet)
HPRegen 0.20/turn               j - ring of see invisible
MPRegen 0.10/turn               (no ring)

@: lethally poisoned (-2 -> -43)
A: horns 2, retaliatory headbutt
a: no special abilities


You were on level 5 of the Dungeon.
You visited 1 branch of the dungeon, and saw 5 of its levels.

You collected 240 gold pieces.

Inventory:

Hand Weapons
 a - a +0 long sword (weapon)
 s - a +1 short sword of venom
Missiles
 n - 7 javelins
 p - 35 poisoned darts (quivered)
Armour
 b - a +0 scale mail (worn)
 c - a +0 kite shield (worn)
Jewellery
 j - a ring of see invisible (left hand)
Scrolls
 e - a scroll of immolation {unknown}
 f - a scroll of holy word {unknown}
 h - a scroll of enchant weapon {unknown}
 i - a scroll of magic mapping {unknown}
 o - a scroll of brand weapon {unknown}
 q - 3 scrolls of identify {unknown}
 r - a scroll of enchant armour {unknown}
 u - 2 scrolls of teleportation {unknown}
 v - 3 scrolls of vulnerability {unknown}
Potions
 d - a potion of might
 g - a potion of lignification {unknown}
 k - 4 potions of flight {unknown}
 l - a potion of mutation {unknown}
 m - 2 potions of heal wounds {unknown}
 t - 2 potions of curing {unknown}


   Skills:
 - Level 5.0 Fighting
 - Level 5.2 Long Blades
 - Level 7.1 Armour
 * Level 6.4 Shields


You had 6 spell levels left.
You didn't know any spells.
Your spell library contained the following spells:

 Spells                   Type           Power      Damage    Failure   Level
 Magic Dart               Conj           0%         1d3       98%         1
 Call Imp                 Summ           0%         N/A       99%         2
 Inner Flame              Hex/Fire       0%         N/A       100%        3
 Mephitic Cloud           Conj/Pois/Air  0%         N/A       100%        3
 Cause Fear               Hex            0%         N/A       100%        4
 Discord                  Hex            0%         N/A       100%        8


Dungeon Overview and Level Annotations

Branches:
Dungeon (5/15)
 Temple: D:4-7

Altars:
Trog
Wu Jian
Xom
Beogh

Annotations:
D:4 3 runed translucent doors, sn0wgr3's ghost, amateur GrCK


Innate Abilities, Weirdness & Mutations

You have a pair of horns on your head.
You reflexively headbutt those who attack you in melee.


Message History

You closely miss the water moccasin.
The water moccasin bites you but does no damage.
You barely miss the water moccasin. You block the water moccasin's attack.
The water moccasin bites you.
You are poisoned.
The water moccasin poisons you!
Your +1 short sword of venom stops dripping with poison.
a - a +0 long sword (weapon)
You feel sick. You block the water moccasin's attack.
You slash the water moccasin!
The water moccasin is moderately wounded.
You feel sick. You block the water moccasin's attack.
You hit the water moccasin.
Your headbutt misses the water moccasin.
The water moccasin is heavily wounded.
You feel sick. The water moccasin bites you.
You are more poisoned.
The water moccasin poisons you! The water moccasin bites you.
You are lethally poisoned!
The water moccasin poisons you!
You are too injured to fight recklessly!
Unknown command.
You are too injured to fight recklessly!
Unknown command.
You are too injured to fight recklessly!
Unknown command.
You are too injured to fight recklessly!
Unknown command.
You hit the water moccasin but do no damage.
Your headbutt misses the water moccasin.
The water moccasin is heavily wounded.
* * * LOW HITPOINT WARNING * * *
You feel extremely sick. You block the water moccasin's attack.
The water moccasin bites you.
* * * LOW HITPOINT WARNING * * *
You are more poisoned.
The water moccasin poisons you!
You completely miss the water moccasin.
The water moccasin is heavily wounded.
You die...

####.# #.# #.#
#.# #.# #.#
#.######.#
#........#####
#######..#...# ##
#......# ..
#..#...#######.##
#......@S....$..#
#.###.####..##..#
#.# #.# #..# #.#
#.# #..# #.# #.#
#..# #. #.. .....
### ###S#...
.#....# .# ....


You could see a water moccasin.

Vanquished Creatures
  2 necrophages (D:4)
  3 ogres
  A vampire bat (D:3)
  2 wights (D:5)
  2 hounds
  An orc wizard (D:5)
  A gnoll (D:1)
  3 adders
  An ufetubus (D:4)
  3 worms
  4 dart slugs
  3 orcs (D:5)
  10 bats
  4 endoplasms
  A giant cockroach (D:1)
  4 goblins
  4 hobgoblins
  10 jackals
  6 quokkas
  10 ball pythons
  6 frilled lizards
  6 kobolds
  13 rats
100 creatures vanquished.

Vanquished Creatures (others)
  5 dream sheep (D:4)
5 creatures vanquished.

Grand Total: 105 creatures vanquished

Notes
Turn   | Place    | Note
-------+----------+-------------------------------------------
     0 | D:1      | gruber the Minotaur Fighter began the quest for the Orb.
     0 | D:1      | Reached XP level 1. HP: 19/19 MP: 0/0
   144 | D:1      | Reached XP level 2. HP: 26/26 MP: 1/1
   410 | D:1      | Reached XP level 3. HP: 25/31 MP: 2/2
  1447 | D:2      | Reached skill level 5 in Long Blades
  1727 | D:2      | Reached XP level 4. HP: 39/39 MP: 3/3
  1964 | D:2      | Found a faded altar of an unknown god.
  2351 | D:3      | Found a bloodstained altar of Trog.
  2902 | D:3      | Reached skill level 5 in Fighting
  2902 | D:3      | Reached XP level 5. HP: 48/48 MP: 4/4
  3319 | D:4      | Identified the +2 robe "Eklixeac" {Will- Str+6}
  3332 | D:4      | Reached skill level 4 in Armour
  3547 | D:4      | Noticed a dream sheep
  3547 | D:4      | Noticed a dream sheep
  3547 | D:4      | Noticed a dream sheep
  3547 | D:4      | Noticed a dream sheep
  3547 | D:4      | Noticed a dream sheep
  3547 | D:4      | Found a shimmering altar of Xom.
  3552 | D:4      | Killed a dream sheep
  3552 | D:4      | Killed a dream sheep
  3552 | D:4      | Killed a dream sheep
  3552 | D:4      | Killed a dream sheep
  3552 | D:4      | Killed a dream sheep
  3729 | D:4      | Found a runed translucent gate.
  3730 | D:4      | Found a runed translucent gate.
  3730 | D:4      | Found a runed translucent gate.
  3731 | D:4      | Noticed sn0wgr3's ghost (amateur GrCK)
  3731 | D:4      | Identified the +1 chain mail of the Cuttlefish {rPois Int+5
                  | Dex-3 Stlth+}
  3788 | D:4      | Noticed a necrophage
  3797 | D:4      | Killed a necrophage
  3798 | D:4      | Reached skill level 5 in Armour
  3798 | D:4      | Reached XP level 6. HP: 53/56 MP: 5/5
  3833 | D:4      | Found an ornate altar of the Wu Jian Council.
  3961 | D:4      | Reached skill level 6 in Armour
  4760 | D:5      | Entered Level 5 of the Dungeon
  4930 | D:4      | Reached skill level 7 in Armour
  5227 | D:5      | Reached XP level 7. HP: 39/61 MP: 6/6
  5384 | D:5      | Reached skill level 5 in Shields
  5635 | D:5      | Succumbed to a water moccasin's poison

Illustrated notes

Levels and vault maps discovered:
D:1:      dpeg_arrival_brainrot, layout_basic
D:2:      layout_loops_ring, ebering_ecumenical_altar_sacrificial,
          minmay_misc_feat_diagonals, minmay_rat_gold_closets
D:3:      layout_rooms, lemuel_round_altar, serial_co_window_serial,
          co_window_corner_a, co_window_of_opportunity_a, co_window_corner_a,
          co_window_corner_a, co_window_paths_a, co_window_broadway_c,
          co_window_of_opportunity_b, co_window_corner_cb, co_window_paths_d,
          glass_columns_a, glass_columns_b, glass_columns_a, glass_columns_a,
          glass_columns_a, chequers_avenue, minivault_25, roderic_batcave
D:4:      layout_loops_corners, nicolae_wu_jian_glorious_leap,
          kb_xom_exploding_sheep, biasface_ghost_orc_armoury,
          minmay_misc_feat_tower, grunt_ministairs_1
D:5:      layout_loops_ring, nicolae_ossuary_entry_monument

Skill      XL: |  1  2  3  4  5  6  7 |
---------------+----------------------+-----
Long Blades    | 3 4 5 |  5.2
Fighting       | 5 |  5.0
Armour         | 5 7 |  7.1
Shields        | 4 6 |  6.4

Action                   |  1- 3 |  4- 6 |  7- 9 || total
-------------------------+-------+-------+-------++-------
Melee: Long sword        |    92 |    51 |    18 ||   161
       Headbutt          |    16 |    20 |     4 ||    40
       Short sword       |       |    85 |     9 ||    94
Armor: Scale mail        |    32 |    67 |     6 ||   105
Dodge: Dodged            |    28 |    39 |     7 ||    74
Block: Kite shield       |    37 |    78 |    13 ||   128
       Rpst.: Long sword |    12 |     2 |     1 ||    15

Table legend: (Time is in decaauts)
 A = Elapsed time spent in this place.
 B = Non-inter-level travel time spent in this place.
 C = Inter-level travel time spent in this place.
 D = Time resting spent in this place.
 E = Time spent auto-exploring this place.
 F = Levels seen in this place.
 G = Mean time per level.
                   A        B        C        D        E       F      G
               +--------+--------+--------+--------+--------+-----+--------+
         Total |   5712 |   5556 |    156 |    167 |   4715 |   5 | 1142.4 |
       Dungeon |   5712 |   5556 |    156 |    167 |   4715 |   5 | 1142.4 |
               +--------+--------+--------+--------+--------+-----+--------+

Top non-repeatable levels by time:
     D:4: 1754 daAuts
     D:1: 1226 daAuts
     D:2: 1089 daAuts
     D:3: 1031 daAuts
     D:5: 609 daAuts
